 Dungeon Crawl Stone Soup version 0.31.0-12-g77e489cdc1 (webtiles) character file.

Game seed: 2928489431781399917

1252 GeoRichter the Cleaver (level 8, -1/58 HPs)
             Began as a Formicid Delver on Feb 20, 2024.
             Was an Initiate of Yredelemnul.
             Killed from afar by Pikel (8 damage)
             ... with a bolt of acid
             ... on level 6 of the Dungeon.
             The game lasted 00:10:05 (4628 turns).

GeoRichter the Cleaver (Formicid Delver)            Turns: 4628, Time: 00:10:06

Health: -1/58      AC:  7    Str: 25    XL:     8   Next: 80%
Magic:  10/10      EV:  7    Int: 10    God:    Yredelemnul [......]
Gold:   271        SH:  0    Dex: 15    Spells: 7/7 levels left

rFire   . . .        h - +0 war axe
rCold   . . .        (no shield)
rNeg    . . .        j - +0 plate armour
rPois   .            (helmet unavailable)
rElec   .            (no cloak)
rCorr   .            i - +0 pair of gloves
SInv    +            (no boots)
Will    .....        n - amulet of regeneration Stlth
                     l - +6 ring of strength
HPRegen 1.09/turn    (no ring)
MPRegen 0.12/turn

%: no passive effects
@: corroded
A: permanent stasis, dig shafts and tunnels, antennae 3, four strong arms
a: Dig, Shaft Self, Renounce Religion, Recall Undead Harvest


You were on level 6 of the Dungeon.
You worshipped Yredelemnul.
Yredelemnul was noncommittal.
You visited 2 branches of the dungeon, and saw 7 of its levels.

You collected 271 gold pieces.

Inventory:

Hand Weapons
 h - a +0 war axe (weapon)
   (You found it on level 5 of the Dungeon)
 k - the +3 hammer "Danoant" {protect, rPois Dex+3}
   (You found it on level 4 of the Dungeon)

   Dex+3:     It affects your dexterity (+3).
   rPois:     It protects you from poison
Missiles
 a - 3 poisoned darts (quivered)
 b - 2 throwing nets {!f}
 v - 2 javelins
Armour
 i - a +0 pair of gloves (worn)
   (You found it on level 3 of the Dungeon)
 j - a +0 plate armour (worn)
   (You found it on level 3 of the Dungeon)
Jewellery
 l - a +6 ring of strength (left hand)
   (You found it on level 1 of the Dungeon)
 n - an amulet of regeneration (around neck)
   (You found it on level 1 of the Dungeon)
 p - a ring of fire
   (You found it on level 2 of the Dungeon)
 x - a ring of wizardry
   (You found it on level 4 of the Dungeon)
Wands
 e - a wand of acid (5)
   (You took it off Ijyb on level 3 of the Dungeon)
 f - a wand of digging (3)
Scrolls
 c - a scroll of fog
 d - a scroll of revelation
 m - 2 scrolls of enchant armour
 q - 2 scrolls of enchant weapon
 s - a scroll of amnesia {unknown}
 t - a scroll of blinking {unknown}
 w - 2 scrolls of teleportation {unknown}
 y - a scroll of identify {@r1}
Potions
 g - 3 potions of curing {unknown}
 o - a potion of haste {unknown}
 r - a potion of attraction {unknown}
 u - a potion of invisibility {unknown}
 z - a potion of lignification {!q}


   Skills:
 - Level 3.2 Fighting
 * Level 9.8 Axes
 - Level 1.7 Dodging
 - Level 6.0 Stealth
 + Level 2.9 Invocations


You had 7 spell levels left.
You didn't know any spells.
Your spell library contained the following spells:

 Spells                   Type           Power      Damage    Failure   Level
 Necrotise                Necr           0%         1d4       100%        1
 Shock                    Conj/Air       0%         1d3       100%        1
 Vampiric Draining        Necr           0%         2d6       100%        3
 Airstrike                Air            0%         2d(0-16)  100%        4
 Martyr's Knell           Necr/Summ      0%         N/A       100%        4
 Alistair's Intoxication  Alch           0%         N/A       100%        5
 Borgnjor's Vile Clutch   Necr/Erth      0%         N/A       100%        5
 Curse of Agony           Necr           0%         N/A       100%        5
 Eringya's Noxious Bog    Alch           0%         4d6       100%        6
 Swiftness                Air            Unusable   N/A       N/A         3
 Animate Dead             Necr           Unusable   N/A       N/A         4
 Death Channel            Necr           Unusable   N/A       N/A         6

Dungeon Overview and Level Annotations

Branches:
Dungeon (6/15) Zot: 26639  Temple (1/1) D:5 Zot: 5939

Altars:
Ashenzari
Cheibriados
Dithmenos
Elyvilon
Fedhas
Gozag
Kikubaaqudgha
Makhleb
Nemelex Xobeh
Okawaru
Qazlal
Trog
Uskayaw
Vehumet
Wu Jian
Yredelemnul

Shops:
D:4 *

Annotations:
D:4 1 runed translucent door, Crazy Yiuf
D:5 3 runed translucent doors, AceX2Z's ghost, novice AtFi; Noisytoot's ghost, novice FoFi
D:6 Pikel


Innate Abilities, Weirdness & Mutations

You cannot be hasted, slowed, berserked, paralysed or teleported.
You can dig through walls and to a lower floor.
You have a pair of large antennae on your head. (SInv)
Your four strong arms can wield two-handed weapons with a shield.


Message History

You miss the lemure.
The lemure is heavily wounded.
The lemure barely misses you.
You slash the lemure!
The lemure is almost dead.
The lemure hits you but does no damage.
You slice the lemure!!
You kill the lemure!
That felt strangely unrewarding.
No target in view!
You start waiting.
Done waiting.
You climb downwards.
Level annotation: Pikel
There is a stone staircase leading up, spattered with blood here.
Pikel zaps a wand.
The bolt of acid hits you! The acid corrodes you!
You hit Pikel.
Pikel is lightly wounded.
Pikel zaps a wand.
The bolt of acid hits you!
You miss Pikel.
Pikel is lightly wounded.
Pikel zaps a wand.
The bolt of acid hits you!
* * * LOW HITPOINT WARNING * * *
You barely miss Pikel.
Pikel is lightly wounded.
Pikel barely misses you.
Unknown command.
You hit Pikel but do no damage.
Pikel is lightly wounded.
Pikel hits you with a +2 whip of freezing!
* * * LOW HITPOINT WARNING * * *
Pikel freezes you.
* * * LOW HITPOINT WARNING * * *
You barely miss Pikel.
Pikel is lightly wounded.
Pikel waves his whip at you.
Pikel hits you with a +2 whip of freezing.
* * * LOW HITPOINT WARNING * * *
Pikel freezes you.
* * * LOW HITPOINT WARNING * * *
You slash Pikel!
Pikel is heavily wounded.
Pikel zaps a wand.
The bolt of acid hits you!
You die...
Pikel says, "See you in Hell!"
Your body rises from the dead as a mindless zombie.

######..##....^.^##
#......##......^..#
#......#^..#####...
#......##^'#.#.#'.#
#.......###..#..###
#...........###....
#...............###
#<...........####
#.@........###
##..K.......#
#...........####
#......>.......#####
#...................
......................
##############........
......... ,..###.?...


You could see Pikel.

Vanquished Creatures
  2 water moccasins
  A black bear (D:6)
  An ogre (D:5)
  A phantom (D:6)
  4 lemures (D:5)
  4 scorpions
  2 bombardier beetles
  A gnoll bouda (D:4)
  A jelly (D:4)
  2 orc priests
  2 sleepcaps
  Jessica (D:2)
  Ijyb (D:3)
  An iguana (D:5)
  2 orc wizards
  5 gnolls (D:4)
  4 adders
  3 dart slugs
  3 ribbon worms
  11 orcs
  5 bats
  7 endoplasms
  6 giant cockroaches
  4 hobgoblins
  8 jackals
  6 quokkas
  3 ball pythons
  3 frilled lizards
  7 goblins
  5 kobolds
  7 rats
113 creatures vanquished.

Vanquished Creatures (collateral kills)
  A ribbon worm (D:5)
1 creature vanquished.

Grand Total: 114 creatures vanquished

Notes
Turn   | Place    | Note
-------+----------+-------------------------------------------
     0 | D:5      | GeoRichter the Formicid Delver began the quest for the Orb.
     0 | D:5      | Reached XP level 1. HP: 18/18 MP: 1/1
    15 | D:5      | Identified the +0 rapier "Dibyrom" {holy, rElec}
    38 | D:5      | Noticed a sleepcap
    39 | D:5      | Found an opulent altar of Gozag.
    84 | D:5      | Found a runed translucent gate.
    85 | D:5      | Found a runed translucent gate.
    86 | D:5      | Found a runed translucent gate.
   166 | D:4      | Noticed Ijyb
   166 | D:4      | Noticed a sleepcap
   171 | D:4      | Noticed a jelly
   245 | D:3      | Reached XP level 2. HP: 24/24 MP: 2/2
   416 | D:1      | Reached skill level 3 in Axes
   517 | D:1      | Reached XP level 3. HP: 29/29 MP: 3/3
   565 | D:1      | Found a faded altar of an unknown god.
  1096 | D:2      | Reached skill level 4 in Axes
  1096 | D:2      | Reached XP level 4. HP: 31/35 MP: 4/4
  1165 | D:2      | Noticed Jessica
  1198 | D:2      | Killed Jessica
  1782 | D:3      | Reached skill level 5 in Axes
  1782 | D:3      | Reached XP level 5. HP: 12/41 MP: 5/5
  2202 | D:3      | Killed Ijyb
  2214 | D:4      | Reached XP level 6. HP: 34/47 MP: 6/6
  2275 | D:4      | Found a radiant altar of Vehumet.
  2290 | D:4      | Reached skill level 6 in Axes
  2425 | D:4      | Noticed a water moccasin
  2452 | D:4      | HP: 3/70 [poisoned by a water moccasin]
  2452 | D:4      | HP: 1/70 [water moccasin (2)]
  2454 | D:4      | Killed a water moccasin
  2455 | D:4      | Reached skill level 7 in Axes
  2455 | D:4      | Reached XP level 7. HP: 11/52 MP: 7/7
  2553 | D:4      | Identified the +3 hammer "Danoant" {protect, rPois Dex+3}
  2557 | D:4      | Found a runed translucent door.
  2559 | D:4      | Noticed Crazy Yiuf
  2635 | D:4      | Found an ornate altar of the Wu Jian Council.
  2635 | D:4      | Found a stormy altar of Qazlal.
  2695 | D:4      | Reached skill level 8 in Axes
  3074 | D:4      | Found Xuipniha's CLEARANCE SALE!.
  3302 | D:5      | Noticed a water moccasin
  3315 | D:5      | Killed a water moccasin
  3316 | D:5      | Reached XP level 8. HP: 58/58 MP: 8/8
  3359 | D:5      | Found a staircase to the Ecumenical Temple.
  3370 | D:5      | Reached skill level 9 in Axes
  3374 | Temple   | Entered the Ecumenical Temple
  3412 | Temple   | Became a worshipper of Yredelemnul the Dark
  3655 | D:5      | Reached skill level 1 in Invocations
  3903 | D:5      | Reached * piety under Yredelemnul
  4085 | D:5      | Found a snail-covered altar of Cheibriados.
  4254 | D:5      | Noticed AceX2Z's ghost (novice AtFi)
  4255 | D:5      | Noticed Noisytoot's ghost (novice FoFi)
  4445 | D:6      | Found a sparkling altar of Nemelex Xobeh.
  4465 | D:6      | Noticed Pikel
  4628 | D:6      | Killed from afar by Pikel

Illustrated notes

Levels and vault maps discovered:
D:1:      shiori_arrival_maze, layout_loops_ring,
          ebering_ecumenical_altar_abandoned
D:2:      layout_basic, chequers_serial_rivers_small_3, minmay_diced_spiral,
          uniq_jessica
D:3:      layout_basic
D:4:      layout_loops_ring, gammafunk_temple_overflow_statue, vehumet_crystals,
          chequers_ossuary_entry_cave, gup_sewer_entry_spiral,
          nicolae_shop_clearance, uniq_crazy_yiuf_cottage, uniq_ijyb
D:5:      layout_layer_cave, lemuel_crystal_altar, mainiacjoe_overflow_brackets,
          minmay_temple_entry_hall, gammafunk_ghost_cemetery
D:6:      layout_basic, zin_academy, nemelex_spade_bored_becter, uniq_pikel
Temple:   cyrus_temple_forest

Skill      XL: |  1  2  3  4  5  6  7  8 |
---------------+-------------------------+-----
Axes           | 3 4 5 7 8 9 |  9.8
Invocations    | 2 |  2.9
Fighting       | |  3.2
Dodging        | |  1.7
Stealth        | |  6.0

Action                     |  1- 3 |  4- 6 |  7- 9 || total
---------------------------+-------+-------+-------++-------
  Melee: War axe           |    94 |    96 |   105 ||   295
         Punch             |     2 |     2 |     4 ||     8
         Mace              |       |       |   113 ||   113
    Use: Scroll            |       |     2 |     2 ||     4
         Potion            |       |     4 |       ||     4
 Armour: Plate armour      |    93 |   116 |   173 ||   382
         Leather armour    |     3 |       |       ||     3
         Skin              |       |     6 |       ||     6
  Dodge: Dodged            |    40 |    40 |    64 ||   144
